 Dungeon Crawl Stone Soup version 0.28.0-53-g5a82cb258f (webtiles) character file.

Game seed: 10555145204241644440

93 Peloso the Shield-Bearer (level 4, -2/40 HPs)
             Began as a Minotaur Fighter on Aug 6, 2022.
             Slain by an orc
             ... wielding a +0 mace
              (5 damage)
             ... on level 2 of the Dungeon.
             The game lasted 00:02:19 (2253 turns).

Peloso the Shield-Bearer (Minotaur Fighter)         Turns: 2253, Time: 00:02:19

Health: -2/40      AC:  7    Str: 20    XL:     4   Next: 36%
Magic:  3/3        EV:  9    Int:  5    God:
Gold:   60         SH:  5    Dex: 12    Spells: 3/3 levels left

rFire   . . .      SeeInvis .   a - +0 long sword
rCold   . . .      Faith    .   c - +0 buckler
rNeg    . . .      Spirit   .   b - +0 scale mail
rPois   .          Reflect  .   (helmet restricted)
rElec   .          Harm     .   (no cloak)
rCorr   .          Rampage  .   (no gloves)
Will    .....                   (no boots)
Stlth   ..........              (no amulet)
HPRegen 0.13/turn               (no ring)
MPRegen 0.08/turn               (no ring)

@: no status effects
A: horns 2, retaliatory headbutt
a: no special abilities


You were on level 2 of the Dungeon.
You visited 1 branch of the dungeon, and saw 3 of its levels.

You collected 60 gold pieces.

Inventory:

Hand Weapons
 a - a +0 long sword (weapon)
Armour
 b - a +0 scale mail (worn)
 c - a +0 buckler (worn)
Potions
 d - a potion of might


   Skills:
 + Level 4.1 Fighting
 + Level 3.1 Long Blades
 + Level 4.3 Armour
 + Level 0.2 Dodging
 + Level 5.0 Shields


You had 3 spell levels left.
You didn't know any spells.
Your spell library contained the following spells:

 Spells                   Type           Power      Damage    Failure   Level
 Petrify                  Tmut/Erth      0%         N/A       100%        4
 Summon Ice Beast         Ice/Summ       0%         N/A       100%        4
 Metabolic Englaciation   Hex/Ice        0%         N/A       100%        5
 Summon Forest            Summ/Tloc      0%         N/A       100%        5
 Summon Mana Viper        Hex/Summ       0%         N/A       100%        5
 Eringya's Noxious Bog    Tmut/Pois      0%         N/A       100%        6
 Statue Form              Tmut/Erth      0%         N/A       100%        6
 Monstrous Menagerie      Summ           0%         N/A       100%        7
 Summon Hydra             Summ           0%         N/A       100%        7


Dungeon Overview and Level Annotations

Branches:
Dungeon (3/15)

Altars:


Innate Abilities, Weirdness & Mutations

You have a pair of horns on your head.
You reflexively headbutt those who attack you in melee.


Message History

You block the kobold's attack.
You hear some strange, mumbled words.
Something tries to affect you, but you resist.
You barely miss something. The orc hits you with a +0 mace.
The kobold hits you but does no damage.
You hear some strange, mumbled words.
A magic dart appears from out of thin air!
The magic dart hits you but does no damage.
The orc closely misses you.
You hit something. Your headbutt misses something.
The kobold hits you but does no damage. Something hits you but does no damage.
The orc hits you with a +0 mace.
* * * LOW HITPOINT WARNING * * *
The kobold completely misses you.
You barely miss something. Your headbutt misses something.
Something hits you but does no damage. The orc hits you but does no damage.
The kobold hits you with a +0 short sword.
* * * LOW HITPOINT WARNING * * *
Something hits you but does no damage.
You barely miss something. The orc barely misses you.
The kobold hits you but does no damage. You block something's attack.
The orc closely misses you. Something hits you but does no damage.
Things that are here:
a +0 falchion; a +0 ring mail; an orc corpse The orc hits you but does no damage.
There is a stone staircase leading up here.
The orc hits you with a +0 mace.
* * * LOW HITPOINT WARNING * * *
You block the kobold's attack. Something hits you.
* * * LOW HITPOINT WARNING * * *
You climb upwards.
Reactivating autopickup.
There is a stone staircase leading down, spattered with blood here.
You see here a quokka skeleton.
Deactivating autopickup; reactivate with Ctrl-A.
You miss something. You block the orc's attack. The kobold barely misses you.
Something hits you but does no damage. The orc closely misses you.
You closely miss something. You block the kobold's attack.
Something hits you but does no damage. The orc hits you with a +0 mace.
You die...

#.....# #.###.# #.# #.# #.#
#.# #)# #.# ########
##'###.# .[.....# #...##.#
######## .......####...##[#
#......# .......'..+...'K@#
#§####.#
.......#♣..P..Po)###§####.#
.......≈≈)≈≈≈≈≈........##.#
.....^♣♣≈≈≈≈≈.≈≈.###.#.##.#
.....P.≈≈≈≈≈≈≈≈≈.....#§§#.#
.....♣≈.≈≈≈≈≈≈♣≈..#####§#.#
.......≈.≈P≈.≈≈P.##..§§§#.#
......♣≈≈≈≈≈≈≈...##.#####.#
........P...P....##.# #.#


You could see an orc and a kobold.

Vanquished Creatures
  An orc priest (D:2)
  3 adders (D:2)
  4 orcs
  4 ball pythons
  5 endoplasms
  3 hobgoblins (D:2)
  3 quokkas (D:2)
  A frilled lizard (D:1)
  2 goblins
  A kobold (D:1)
  3 rats
30 creatures vanquished.

Notes
Turn   | Place    | Note
-------+----------+-------------------------------------------
     0 | D:1      | Peloso the Minotaur Fighter began the quest for the Orb.
     0 | D:1      | Reached XP level 1. HP: 19/19 MP: 0/0
   490 | D:1      | Reached skill level 4 in Shields
   776 | D:2      | Found a faded altar of an unknown god.
   781 | D:2      | Reached XP level 2. HP: 24/27 MP: 1/1
  1068 | D:2      | Reached XP level 3. HP: 14/33 MP: 2/2
  2179 | D:2      | Reached skill level 5 in Shields
  2179 | D:2      | Reached XP level 4. HP: 34/40 MP: 3/3
  2253 | D:2      | Slain by an orc

Illustrated notes

Levels and vault maps discovered:
D:1:      denvon_arrival_planthouse, layout_loops_ring
D:2:      layout_basic, ebering_ecumenical_altar_box, serial_bayou_pond_b
D:3:      due_chaos_kobolds, layout_rooms, nicolae_overflow_hidden_temple,
          minmay_misc_feat_x

Skill      XL: |  1  2  3 |
---------------+----------+-----
Shields        | 4 5 |  5.0
Armour         | 4 |  4.3
Fighting       | 4 |  4.1
Long Blades    | 3 |  3.1
Dodging        | |  0.2

Action                   |  1- 3 |  4- 6 || total
-------------------------+-------+-------++-------
Melee: Long sword        |    76 |    15 ||    91
       Headbutt          |     8 |     1 ||     9
  Use: Potion            |     3 |       ||     3
       Scroll            |     2 |       ||     2
Armor: Scale mail        |    36 |    17 ||    53
Dodge: Dodged            |    27 |    13 ||    40
Block: Buckler           |    23 |     8 ||    31
